[Event "18èmeFestival International d’Echecsde Rochefort"]
[Site "Rochefort, France"]
[Date "2019.02.19"]
[Round "5.4"]
[White "ZENG, Chongsheng"]
[Black "DESLANDES, Pascal"]
[Result "1-0"]
[TimeControl "1h30 min/40coups + 30 min +  30sec/coup"]
[WhiteTitle "GM"]
[BlackTitle "FM"]
[WhiteFideId "8603847"]
[BlackFideId "605239"]
[WhiteElo "2544"]
[BlackElo "2349"]

1. e4 e6 2. d4 d5 3. Nc3 Bb4 4. e5 c5 5. a3 Bxc3+ 6. bxc3 Ne7 7. Qg4 cxd4 8. Bd3 Qa5 9. Ne2 O-O 10.
Bg5 Ng6 11. Qg3 Nd7 12. h4 dxc3 13. f4 f5 14. exf6 Nxf6 15. h5 Nh8 16. h6 g6 17. Qh4 Nd7 18. Be7 Rf7 19. Bb4 Qb6 20.
Bxc3 Nc5 21. Qg5 Nxd3+ 22. cxd3 Rf5 23. Qe7 Rf7 24. Qb4 Qxb4 25. axb4 Bd7 26. Kd2 a6 27. Rac1 Bc6 28. Be5 g5 29.
Rh5 gxf4 30. Rg5+ Ng6 31. Nxf4 Rf5 32. Rxf5 exf5 33. Nxg6 Re8 34. Rh1 Re6 35. Nf4 Rxe5 36. Rh5 Be8 37.
Rg5+ Bg6 38. Nxg6 hxg6 39. Rxg6+ Kh7 40. Rb6 f4 41. Rxb7+ Kxh6 42. Rf7 Kg5 43. Kc3 Re2 44. Kd4 Rb2 45.
Kc5 d4 46. Kc4 Kg4 47. Rg7 Kf5 48. g4+ fxg3 49. Rxg3 Ra2 50. Kxd4 Ke6 51. Rg5 Kd7 52. Ra5 1-0

[Event "18èmeFestival International d’Echecsde Rochefort"]
[Site "Rochefort, France"]
[Date "2019.02.19"]
[Round "5.5"]
[White "DEVALLEE, Jeremie"]
[Black "DEMUTH, Adrien"]
[Result "0-1"]
[TimeControl "1h30 min/40coups + 30 min +  30sec/coup"]
[WhiteTitle "FM"]
[BlackTitle "GM"]
[WhiteFideId "665240"]
[BlackFideId "642274"]
[WhiteElo "2317"]
[BlackElo "2519"]

1. e4 c5 2. d4 cxd4 3. c3 dxc3 4. Nxc3 Nc6 5. Nf3 d6 6. Bc4 a6 7. O-O Nf6 8. Bf4 e6 9. Qe2 Nh5 10.
Be3 Be7 11. Bb3 Bd7 12. Na4 Nf6 13. Bb6 Qb8 14. Rfd1 O-O 15. Rac1 Qe8 16. Bc7 Rc8 17. Bb6 Ne5 18. Nc3 Nxf3+ 19. Qxf3 Bc6 20. Qe2 Nd7 21. Be3 Nc5 22. Bc2 b5 23. b4 Nd7 24. f4 e5 25. f5 Bb7 26. Nd5 Bxd5 27. Rxd5 Nf6 28.
Rdd1 h6 29. Bb1 Rxc1 30. Bxc1 Qc6 31. Bb2 Rc8 32. Bd3 Bd8 33. h3 Bb6+ 34. Kh2 Bd4 35. a4 Bxb2 36. axb5 axb5 37. Qxb2 Nxe4 0-1

[Event "18èmeFestival International d’Echecsde Rochefort"]
[Site "Rochefort, France"]
[Date "2019.02.19"]
[Round "5.2"]
[White "MU, Ke"]
[Black "BOBADILLA VIERA, Jorge Samuel"]
[Result "1-0"]
[TimeControl "1h30 min/40coups + 30 min +  30sec/coup"]
[BlackTitle "IM"]
[WhiteFideId "8602778"]
[WhiteElo "2404"]
[BlackElo "2318"]

1. d4 Nf6 2. c4 e6 3. Nf3 d5 4. Nc3 Bb4 5. Bg5 Nbd7 6. Rc1 c6 7. a3 Bxc3+ 8. Rxc3 h6 9. Bxf6 Qxf6 10.
cxd5 exd5 11. Re3+ Kf8 12. h4 Qd6 13. Qb3 Nf6 14. Ne5 Ng4 15. Nxg4 Bxg4 16. g3 g6 17. Bg2 Kg7 18. O-O Rab8 19.
Re1 Rhd8 20. Qc3 Re8 21. b4 Rbd8 22. Rxe8 Rxe8 23. e4 dxe4 24. Rxe4 Rxe4 25. Bxe4 Qf6 26. a4 Bd1 27. a5 Be2 28.
Qc5 a6 29. Qe5 Qxe5 30. dxe5 Kf8 31. f3 Ke7 32. Kf2 Bc4 33. Ke3 Be6 34. Kd4 Kd8 35. Kc5 Kc7 36. Bd3 Bd5 37. Bc4 Bxc4 38.
Kxc4 b6 39. g4 c5 40. axb6+ Kxb6 41. bxc5+ Kc6 42. f4 a5 43. f5 gxf5 44. gxf5 a4 45. e6 fxe6 46. f6 1-0

[Event "18èmeFestival International d’Echecsde Rochefort"]
[Site "Rochefort, France"]
[Date "2019.02.19"]
[Round "5.3"]
[White "SOLOZHENKIN, Evgeniy"]
[Black "MARTINEZ DUANY, Lelys Stanley"]
[Result "1-0"]
[TimeControl "1h30 min/40coups + 30 min +  30sec/coup"]
[WhiteTitle "GM"]
[BlackTitle "GM"]
[WhiteFideId "4102266"]
[BlackFideId "3504727"]
[WhiteElo "2423"]
[BlackElo "2547"]

1. e4 c5 2. Nf3 Nc6 3. d4 cxd4 4. Nxd4 g6 5. c4 Bg7 6. Be3 Nf6 7. Nc3 O-O 8. Be2 d6 9. O-O Bd7 10.
Qd2 Nxd4 11. Bxd4 Bc6 12. f3 a5 13. b3 Nd7 14. Be3 Nc5 15. Rab1 Be5 16. Rfd1 e6 17. g3 Qe7 18. Nb5 Rfd8 19.
Nd4 Be8 20. Bf1 Bg7 21. Qf2 b6 22. Rd2 d5 23. exd5 exd5 24. cxd5 Rxd5 25. Bc4 Rdd8 26. Rbd1 Qf6 27. Kg2 Rac8 28.
Nb5 Rxd2 29. Rxd2 Bf8 30. Bd4 Qf5 31. Ba1 Ne6 32. Nd4 Qb1 33. Nxe6 Qxa1 34. Nxf8 b5 35. Nd7 bxc4 36. Nb6 c3 37.
Nxc8 cxd2 38. Qxd2 Bb5 39. Qf2 a4 40. Nd6 axb3 41. axb3 Bc6 42. Nc4 Bd5 43. Qd2 Be6 44. g4 Qb1 45.
Qc3 Qd1 46. h4 Qe2+ 47. Kg3 Qf1 48. Ne3 Qg1+ 49. Ng2 Qb6 50. b4 Qd6+ 51. Kf2 h6 52. Qc5 Qd3 53. Qe3 Qb1 54. Qc3 Bd5 55.
Kg3 Qf1 56. Qf6 Bb7 57. h5 g5 58. Qf5 Ba6 59. Qe4 Bb5 60. f4 Qc1 61. fxg5 hxg5 62. Qe5 Qc6 63. Qxg5+ Kh7 64. Qc5 Qd7 65.
Qf5+ Qxf5 66. gxf5 Kg7 67. Ne3 Be2 68. Ng4 f6 69. Kf4 Bb5 70. h6+ Kh7 71. Nxf6+ Kxh6 72. Ke5 Kg7 73. Ne4 1-0



[ePGN "0.1;DGT LiveChess/2.2.3"]

[Event "18èmeFestival International d’Echecsde Rochefort"]
[Site "Rochefort, France"]
[Date "2019.02.19"]
[Round "6.1"]
[White "GASCON DEL NOGAL, Jose Rafael"]
[Black "MU, Ke"]
[Result "1/2-1/2"]
[TimeControl "1h30 min/40coups + 30 min +  30sec/coup"]
[WhiteTitle "GM"]
[WhiteFideId "3902463"]
[BlackFideId "8602778"]
[WhiteElo "2457"]
[BlackElo "2404"]

1. c4 c6 2. e4 d5 3. exd5 cxd5 4. d4 Nf6 5. Nc3 Nc6 6. Bg5 dxc4 7. Bxc4 e6 8. Nf3 Be7 9. O-O O-O 10.
Re1 a6 11. Bb3 b5 12. d5 Nxd5 13. Bxd5 exd5 14. Bxe7 Nxe7 15. Nd4 Qd6 16. Qh5 b4 17. Nce2 Ng6 18. Rad1 Re8 19. Qg5 h6 20.
Qd2 Be6 21. b3 Rad8 22. h3 a5 23. Rc1 Bd7 24. Ng3 Nh4 25. Rxe8+ Rxe8 26. Rd1 Rc8 1/2-1/2

[Event "18èmeFestival International d’Echecsde Rochefort"]
[Site "Rochefort, France"]
[Date "2019.02.19"]
[Round "6.4"]
[White "DEMUTH, Adrien"]
[Black "SOLOZHENKIN, Evgeniy"]
[Result "1/2-1/2"]
[TimeControl "1h30 min/40coups + 30 min +  30sec/coup"]
[WhiteTitle "GM"]
[BlackTitle "GM"]
[WhiteFideId "642274"]
[BlackFideId "4102266"]
[WhiteElo "2519"]
[BlackElo "2423"]

1. c4 e6 2. Nf3 d5 3. d4 Nf6 4. Nc3 dxc4 5. e4 Bb4 6. Bg5 c5 7. e5 cxd4 8. Nxd4 Qa5 9. exf6 Bxc3+ 10. bxc3 Qxg5 11. fxg7 Qxg7 12. Qd2 O-O 13. Bxc4 Rd8 14. Qe3 Bd7 15. O-O Nc6 16. Nf3 Be8 17. Rab1 Rac8 18. Ng5 Rc7 19.
f4 h6 20. Ne4 Ne7 21. Qe2 Bc6 22. Rbd1 Rxd1 23. Rxd1 Nd5 24. Bxd5 Bxd5 25. Rd3 Bc4 26. Rd8+ Kh7 27. Qh5 f6 28.
Qh4 Rf7 29. Nd6 Bd5 30. Qg3 Qxg3 31. hxg3 Rc7 32. Ne8 Rxc3 33.
Nxf6+ Kg6 34. Nxd5 exd5 35. Rd6+ Kf5 36. Rxd5+ Kg4 37. Kh2 Rxg3 38. f5 Rc3 39. Rd7 1/2-1/2

[Event "18èmeFestival International d’Echecsde Rochefort"]
[Site "Rochefort, France"]
[Date "2019.02.19"]
[Round "6.5"]
[White "LUCAS, Arthur"]
[Black "SOSA, Tomas"]
[Result "0-1"]
[TimeControl "1h30 min/40coups + 30 min +  30sec/coup"]
[BlackTitle "IM"]
[WhiteFideId "26093073"]
[BlackFideId "121576"]
[WhiteElo "2178"]
[BlackElo "2502"]

1. e4 c5 2. Nf3 Nc6 3. d4 cxd4 4. Nxd4 Nf6 5. Nc3 d6 6. g3 Bd7 7. Bg2 g6 8. Nde2 Bg7 9. O-O O-O 10.
Nd5 Rc8 11. c3 Ne5 12. Nd4 b5 13. Bg5 Nxd5 14. exd5 Re8 15. Qe2 Qb6 16. a3 a5 17. Be3 Nc4 18. Nf5 Nxe3 19. Qxe3 Qxe3 20.
Nxe3 Rc7 21. Rfe1 Rb8 22. Nc2 Kf8 23. h4 Rc4 24. Ne3 Rc5 25. Nc2 Bf5 26. Ne3 Bd3 27. Rad1 Bc4 28. Rd2 Bb3 29.
Ra1 Rcc8 30. Bh3 f5 31. Bf1 Kf7 32. Be2 b4 33. axb4 axb4 34. cxb4 Rxb4 35. Kg2 Bxb2 36. Rxb2 Bxd5+ 37. Nxd5 Rxb2 38. Bf3 Rcc2 39. Rf1 e6 40. Ne3 Rc7 41. Rd1 d5 42. Rd4 Ra7 43. Nd1 Rba2 44. Ne3 Kg7 45. Rb4 R2a4 46.
Rb5 d4 47. Nd1 R4a5 48. Rb8 e5 49. Rd8 Rb5 50. Kf1 Rb4 51. Be2 e4 52. Ke1 Kf6 53. Rd5 Ke6 54. Rd8 Rd7 55. Rc8 d3 56.
Bf1 Rb1 57. Rc3 Ke5 58. Kd2 Kd4 59. Ra3 Rdb7 60. Ra4+ R7b4 61. Rxb4+ Rxb4 62. Bh3 Ra4 63. Nc3 Rc4 64. Nb5+ Kc5 65.
Nc3 Kb4 66. Nd5+ Kb3 67. Bf1 Rc2+ 68. Ke3 Rc1 69. Bxd3 exd3 70. Nf4 Kc4 71. Kd4+ 0-1

[Event "18èmeFestival International d’Echecsde Rochefort"]
[Site "Rochefort, France"]
[Date "2019.02.19"]
[Round "6.2"]
[White "RIOS, Cristhian Camilo"]
[Black "VAN DEN DOEL, Erik"]
[Result "1-0"]
[TimeControl "1h30 min/40coups + 30 min +  30sec/coup"]
[WhiteTitle "IM"]
[BlackTitle "GM"]
[WhiteFideId "4403940"]
[BlackFideId "1003720"]
[WhiteElo "2482"]
[BlackElo "2611"]

1. d4 d5 2. c4 c6 3. Nf3 Nf6 4. Qc2 dxc4 5. Qxc4 Bf5 6. g3 e6 7. Bg2 Be7 8. O-O O-O 9. Nc3 Nbd7 10.
Re1 Ne4 11. Qb3 Qb6 12. Nh4 Bxh4 13. gxh4 Nxc3 14. bxc3 Nf6 15. e4 Bg6 16. Rb1 Qa5 17. Qb4 Qxb4 18. Rxb4 b6 19. c4 Nd7 20.
e5 c5 21. Bxa8 Rxa8 22. dxc5 Nxc5 23. Rd1 Nd3 24. Rb3 Nxe5 25. Rc3 Kf8 26. c5 b5 27. c6 Rc8 28. c7 Ke8 29. Rc5 Nd3 30.
Rxb5 Rxc7 31. Be3 e5 32. Ra5 Rb7 33. Rxa7 Rb4 34. a4 e4 35. a5 f5 36. a6 f4 37. Rb7 Ra4 38. a7 fxe3 39.
fxe3 Bh5 40. Rdb1 Ne5 41. Rb8+ Kf7 42. a8=Q Rxa8 43. Rxa8 Nf3+ 44. Kf2 Nxh4 45. Kg3 1-0



[ePGN "0.1;DGT LiveChess/2.2.3"]

[Event "18èmeFestival International d’Echecsde Rochefort"]
[Site "Rochefort, France"]
[Date "2019.02.20"]
[Round "7.2"]
[White "SOSA, Tomas"]
[Black "GASCON DEL NOGAL, Jose Rafael"]
[Result "1/2-1/2"]
[TimeControl "1h30 min/40coups + 30 min +  30sec/coup"]
[WhiteTitle "IM"]
[BlackTitle "GM"]
[WhiteFideId "121576"]
[BlackFideId "3902463"]
[WhiteElo "2502"]
[BlackElo "2457"]

1. e4 e5 2. Nf3 Nc6 3. Bc4 Nf6 4. d3 Bc5 5. Nbd2 O-O 6. O-O d6 7. c3 a5 8. Re1 a4 9. Nf1 h6 10.
Ng3 Ne7 11. a3 Be6 12. Bxe6 fxe6 13. Be3 Bxe3 14. fxe3 1/2-1/2

[Event "18èmeFestival International d’Echecsde Rochefort"]
[Site "Rochefort, France"]
[Date "2019.02.20"]
[Round "7.1"]
[White "ZENG, Chongsheng"]
[Black "RIOS, Cristhian Camilo"]
[Result "1/2-1/2"]
[TimeControl "1h30 min/40coups + 30 min +  30sec/coup"]
[WhiteTitle "GM"]
[BlackTitle "IM"]
[WhiteFideId "8603847"]
[BlackFideId "4403940"]
[WhiteElo "2544"]
[BlackElo "2482"]

1. e4 c5 2. Nf3 Nc6 3. d4 cxd4 4. Nxd4 Nf6 5. Nc3 e5 6. Ndb5 d6 7. Bg5 a6 8. Na3 b5 9. Bxf6 gxf6 10.
Nd5 Bg7 11. c3 f5 12. exf5 Bxf5 13. Nc2 Be6 14. Nce3 O-O 15. Bd3 f5 16. Qh5 Qd7 17. Nb6 Qe8 18. Qxe8 Raxe8 19. a4 e4 20.
Be2 f4 21. axb5 Ne5 22. Ned5 Bxd5 23. Nxd5 axb5 24. O-O-O Rb8 25. Rhe1 f3 26. gxf3 exf3 27. Bd3 Kh8 28. Re4 Rb7 29.
Kc2 Nxd3 30. Rxd3 Be5 31. h3 Rg7 32. Ree3 Rg2 33. Rxf3 Rxf2+ 34. Rxf2 Rxf2+ 35. Rd2 Rf3 36. Nc7 Rxh3 37.
Nxb5 Rh2 38. Rxh2 Bxh2 39. Kd3 Kg7 40. Ke4 Kf6 41. Nd4 h5 42. b4 Be5 43. b5 Bxd4 44. cxd4 Ke6 45. Kf4 Kd7 46.
Kg5 Kc7 47. Kxh5 Kb6 48. Kg5 Kxb5 49. Kf5 Kc4 50. Ke6 1/2-1/2

[Event "18èmeFestival International d’Echecsde Rochefort"]
[Site "Rochefort, France"]
[Date "2019.02.20"]
[Round "7.4"]
[White "BOBADILLA VIERA, Jorge Samuel"]
[Black "DEMUTH, Adrien"]
[Result "1/2-1/2"]
[TimeControl "1h30 min/40coups + 30 min +  30sec/coup"]
[WhiteTitle "IM"]
[BlackTitle "GM"]
[BlackFideId "642274"]
[WhiteElo "2318"]
[BlackElo "2519"]

1. c4 f5 2. Nf3 Nf6 3. Nc3 g6 4. g3 Bg7 5. Bg2 O-O 6. O-O d6 7. d4 c6 8. Qb3 Na6 9. Rd1 Nc7 10.
d5 c5 11. Qc2 a6 12. a4 Rb8 13. a5 b5 14. axb6 Rxb6 15. b3 Bd7 16. Bb2 Qb8 17. Ra3 f4 18. Ng5 fxg3 19. hxg3 Ng4 20.
Nce4 Ne8 21. Ne6 Bxe6 22. dxe6 Bxb2 23. Qxb2 Nef6 24. Nxf6+ Rxf6 25. Bf3 Ne5 26. Bd5 Qf8 27. f4 Qh6 28.
e3 Ng4 29. Re1 Rf8 30. Qe2 Qh3 31. Qg2 Qxg2+ 32. Kxg2 Rfb8 33. Kf3 h5 34. Be4 Kg7 35. Bc2 Rf8 36. Rea1 Ra8 37. Be4 Rf8 38.
Bc2 Ra8 39. Be4 Rab8 40. Bc2 1/2-1/2

[Event "18èmeFestival International d’Echecsde Rochefort"]
[Site "Rochefort, France"]
[Date "2019.02.20"]
[Round "7.3"]
[White "MU, Ke"]
[Black "DELORME, Axel"]
[Result "1/2-1/2"]
[TimeControl "1h30 min/40coups + 30 min +  30sec/coup"]
[BlackTitle "GM"]
[WhiteFideId "8602778"]
[BlackFideId "632023"]
[WhiteElo "2404"]
[BlackElo "2498"]

1. d4 Nf6 2. c4 e6 3. Nc3 Bb4 4. Qc2 O-O 5. e4 d6 6. e5 dxe5 7. dxe5 Ng4 8. Nf3 Nc6 9. a3 Bxc3+ 10. Qxc3 f6 11. exf6 Nxf6 12. Be3 e5 13. Be2 Ne4 14. Qd3 Qxd3 15. Bxd3 Nd6 16. c5 e4 17. cxd6 exf3 18. gxf3 cxd6 19.
Bc4+ Kh8 20. f4 Bf5 21. Bd5 Rae8 22. Rd1 Rf6 23. Rg1 h6 24. Kd2 Re7 25. Rde1 Be6 26. Bxc6 bxc6 27. b4 Kh7 28.
Kc3 Bf5 29. Bd4 Rff7 30. Kd2 a6 31. Re3 Bg6 32. Rc1 Rxe3 33. fxe3 Be4 1/2-1/2



[ePGN "0.1;DGT LiveChess/2.2.3"]

[Event "18èmeFestival International d’Echecsde Rochefort"]
[Site "Rochefort, France"]
[Date "2019.02.21"]
[Round "8.3"]
[White "GASCON DEL NOGAL, Jose Rafael"]
[Black "RIOS, Cristhian Camilo"]
[Result "1/2-1/2"]
[TimeControl "1h30 min/40coups + 30 min +  30sec/coup"]
[WhiteTitle "GM"]
[BlackTitle "IM"]
[WhiteFideId "3902463"]
[BlackFideId "4403940"]
[WhiteElo "2457"]
[BlackElo "2482"]

1. e4 c5 2. Ne2 Nc6 3. d4 cxd4 4. Nxd4 Nf6 5. Nc3 e5 6. Ndb5 d6 7. Bg5 a6 8. Na3 b5 9. Nd5 Qa5+ 10.
Bd2 Qd8 11. Bg5 Qa5+ 12. Bd2 Qd8 13. Bg5 1/2-1/2

[Event "18èmeFestival International d’Echecsde Rochefort"]
[Site "Rochefort, France"]
[Date "2019.02.21"]
[Round "8.4"]
[White "LAURENT, Julien G."]
[Black "VAN DEN DOEL, Erik"]
[Result "0-1"]
[TimeControl "1h30 min/40coups + 30 min +  30sec/coup"]
[WhiteTitle "FM"]
[BlackTitle "GM"]
[WhiteFideId "618500"]
[BlackFideId "1003720"]
[WhiteElo "2303"]
[BlackElo "2611"]

1. Nf3 d5 2. c4 d4 3. e3 Nc6 4.
exd4 Nxd4 5. Nxd4 Qxd4 6. Nc3 c6 7. d3 Nh6 8. Be3 Qd8 9. d4 Nf5 10. Be2 Nxe3 11. fxe3 g6 12. O-O Bh6 13.
Qd3 O-O 14. Kh1 e5 15. Rad1 exd4 16. exd4 Re8 17. Qf3 Bf5 18. g4 Bc2 19. Qxf7+ Kh8 20. Qxb7 Rb8 21. Qxc6 Bxd1 22. Rxd1 Rxb2 23.
Bf1 Rf8 24. Ne4 Qh4 25. Qd6 Qxg4 26. Re1 Rxf1+ 0-1

[Event "18èmeFestival International d’Echecsde Rochefort"]
[Site "Rochefort, France"]
[Date "2019.02.21"]
[Round "8.1"]
[White "SOLOZHENKIN, Evgeniy"]
[Black "ZENG, Chongsheng"]
[Result "1-0"]
[TimeControl "1h30 min/40coups + 30 min +  30sec/coup"]
[WhiteTitle "GM"]
[BlackTitle "GM"]
[WhiteFideId "4102266"]
[BlackFideId "8603847"]
[WhiteElo "2423"]
[BlackElo "2544"]

1. d4 Nf6 2. c4 g6 3. g3 Bg7 4. Bg2 d5 5. cxd5 Nxd5 6. e4 Nb6 7. Ne2 c5 8. d5 e6 9. Nbc3 exd5 10.
exd5 O-O 11. O-O Bf5 12. Be3 Na6 13. b3 Qd7 14. Rc1 Rfe8 15. Qd2 Bh3 16. Bxh3 Qxh3 17. Rfd1 Rad8 18. d6 Qf5 19.
Nf4 Rd7 20. Nb5 Nc8 21. Nd5 b6 22. Bf4 g5 23. Re1 Re6 24. Bxg5 Be5 25. Bf4 Nxd6 26. Rxe5 Rxe5 27. Bxe5 Qxe5 28. Re1 Ne4 29. Rxe4 Qxd5 30.
Rg4+ Kf8 31. Qh6+ Ke7 32. Nc3 Qd3 33. Re4+ Kd8 34. Qf8+ Kc7 35. Re3 Qg6 36. Qa8 Qc6 37. Qxa7+ Qb7 38.
Qxb7+ Kxb7 39. Re5 Nb4 40. Rf5 Ka6 41. Kg2 Nd3 42. h4 b5 43. h5 Ka5 44. a3 b4 45. axb4+ Kxb4 46. Ne4 Rc7 47.
Rd5 Nc1 48. h6 Nxb3 49. Nf6 c4 50. Rh5 Rc8 51. Nd5+ Ka3 52. Rf5 Rc5 53. g4 Nd4 54. Re5 Ne6 55. Re3+ Kb2 56. Nc3 Ra5 57.
Kg3 Nc5 58. Nd5 Nd3 59. Nf6 Re5 60. Nxh7 Rxe3+ 61. fxe3 Ne5 62. Ng5 c3 63. h7 Ng6 64. Nf3 Kc2 65. Ne5 Nh8 66. Kf4 Kd2 67.
Nc4+ Kd3 68. Na3 Ng6+ 69. Kf5 Kxe3 70. Kf6 Kf4 71. Kxf7 Kg5 72. Kg7 1-0

[Event "18èmeFestival International d’Echecsde Rochefort"]
[Site "Rochefort, France"]
[Date "2019.02.21"]
[Round "8.5"]
[White "MARTINEZ DUANY, Lelys Stanley"]
[Black "NI, Shiqun"]
[Result "0-1"]
[TimeControl "1h30 min/40coups + 30 min +  30sec/coup"]
[WhiteTitle "GM"]
[BlackTitle "WGM"]
[WhiteFideId "3504727"]
[WhiteElo "2547"]
[BlackElo "2427"]

1. c4 Nf6 2. Nc3 e5 3. g3 Bb4 4. Bg2 O-O 5. e4 Bxc3 6. dxc3 d6 7. Qe2 Be6 8. Nf3 Nc6 9. Nd2 Nd7 10.
O-O Qg5 11. f4 exf4 12. gxf4 Qg4 13. Qxg4 Bxg4 14. h3 Bh5 15. Re1 Rae8 16. Nf1 f5 17. Ng3 Bg6 18. Bd2 fxe4 19. Nxe4 h6 20.
b3 a5 21. Re3 a4 22. Ng3 Nc5 23. b4 Rxe3 24. Bxe3 Nd3 25. f5 Bf7 26. f6 Bxc4 27. fxg7 Kxg7 28. a3 d5 29. Kh2 Kh7 30.
Rg1 Nf4 31. Bh1 b6 32. Ne4 Bd3 33. Nf2 Bg6 34. Rg4 Ne2 35. Bxd5 Ne5 36. Rh4 h5 37. Be4 Nf3+ 38. Bxf3 Rxf3 39. Nd1 Bc2 40. Kg2 Rg3+ 41.
Kf2 Bxd1 42. Rxh5+ Kg6 43. Rh8 Kf5 44. Rf8+ Ke4 45. Re8+ Kf5 46. Rf8+ Ke6 47. Rd8 Rxh3 48. Rxd1 Nxc3 49.
Rd3 Nd5 50. Ke2 Rxe3+ 51. Rxe3+ Nxe3 52. Kxe3 Kd5 53. Kd3 b5 54. Kc3 Ke4 55. Kc2 Kd4 56. Kd2 Kc4 57. Kc2 c6 58. Kd2 Kb3 59.
Kd3 Kxa3 60. Kc3 Ka2 61. Kc2 a3 0-1

[Event "18èmeFestival International d’Echecsde Rochefort"]
[Site "Rochefort, France"]
[Date "2019.02.21"]
[Round "8.2"]
[White "MU, Ke"]
[Black "SOSA, Tomas"]
[Result "0-1"]
[TimeControl "1h30 min/40coups + 30 min +  30sec/coup"]
[BlackTitle "IM"]
[WhiteFideId "8602778"]
[BlackFideId "121576"]
[WhiteElo "2404"]
[BlackElo "2502"]

1. d4 d5 2. c4 e6 3. Nc3 Nf6 4. Nf3 dxc4 5. e3 a6 6. a4 Bb4 7. Bxc4 O-O 8. O-O b6 9. Ne5 Bb7 10.
Be2 Nbd7 11. Nd3 Bd6 12. Bf3 Bxf3 13. Qxf3 c5 14. dxc5 Nxc5 15. Nxc5 bxc5 16. a5 Qc7 17. g3 Rab8 18.
Ra2 Be5 19. Bd2 Nd5 20. Nxd5 exd5 21. Rc1 Qd6 22. Bc3 d4 23. exd4 cxd4 24. Bd2 Qe6 25. Ra3 Rxb2 26. Rc6 Qd7 27.
Rd3 Qb7 28. Kg2 Rc8 29. Rc1 Rxc1 30. Bxc1 Rb1 31. Qxb7 Rxb7 32. Kf3 h5 33. h4 Rb5 34. Bd2 g6 35. Ra3 Kf8 36. Ra4 Ke7 37.
Rc4 Kd6 38. Rc8 Rb3+ 39. Ke2 Kd5 40. Re8 f6 41. f4 Bd6 42. Rd8 Ke6 43. Ra8 Rxg3 44. Rxa6 Rg2+ 45. Kd3 Kd5 46. Rb6 Rg3+ 47.
Kc2 Bc5 48. Rxf6 Kc4 49. Re6 Rb3 50. a6 d3+ 51. Kd1 Rb1+ 52. Bc1 Ra1 53. Rxg6 Be3 54. Rc6+ Kb5 0-1